Cogmind - Beta 16 @@@ ROGUE MODE // 2026.01.15 @ 23:18:27 Player: Peregrine Result: Self-destructed Performance ------------- Evolutions (5) 2500 Regions Visited (12) 2400 Robots Destroyed (146) 730 Value Destroyed (5613) 5613 Prototype IDs (13) 260 Alien Tech Used (0) 0 Bonus (2459) 2459 TOTAL SCORE: 13962 Bonus ------- High Alert Combat Kills 279 Follower Combat Kills 105 Entered Garrisons 200 Used RIF Installer 1000 Entered DSFs 1000 Friendly Fire -125 Cogmind --------- Core Integrity 1000/1000 Matter 47/300 Energy 64/100 System Corruption 0% Temperature Cool (0) Movement Hovering (52) Location -5/Factory Parts ------- > --- POWER (2) -------- (None) > --- PROPULSION (6) --- Gravmag System Gravmag Array Antigrav System > --- UTILITY (6) ------ Improved Heat Sink Advanced Targeting Computer Advanced Targeting Computer Advanced Targeting Computer > --- WEAPON (3) ------- (None) > --- INVENTORY (5) ---- Enhanced Autogun Magnetic Acceleration Cannon Scatter Rocket Array Peak State ------------ > --- POWER ------------ Improved Deuterium Engine > --- PROPULSION ------- Aerolev Unit Aerolev Unit Aerolev Unit > --- UTILITY ---------- Medium Storage Unit Improved Sensor Array Advanced Targeting Computer Advanced Targeting Computer > --- WEAPON ----------- Heavy Particle Gun Enhanced Autogun Enhanced Autogun > --- INVENTORY -------- Cesium-ion Thruster Improved VTOL Module Improved Heat Sink High-capacity Matter Pod Advanced Targeting Computer Enhanced Autogun Flak Cannon Flak Cannon Flak Cannon Scatter Rocket Array [Rating: 41] Favorites ----------- Power Light Nuclear Core Engine Improved Deuterium Engine Power Core Light Nuclear Core Propulsion Light Treads Treads Light Treads Leg Improved Aluminum Leg Hover Unit Aerolev Unit Flight Unit Cesium-ion Thruster Utility Advanced Targeting Computer Device Improved Heat Sink Storage Large Storage Unit Processor Advanced Targeting Computer Hackware System Shield Weapon Enhanced Autogun Energy Gun Medium Laser Ballistic Gun Enhanced Autogun Ballistic Cannon Assault Cannon Launcher Grenade Launcher Build | -11 -10 -9 -8 -8 -8 -7 -7 -6 -6 -6 -6 -5 ------- Run | Yrd Mat Mat Mat Sto Gar Fac DSF Fac Was Fac DSF Fac Slots Evolved 10 | . . 2 2 . . 2 . 2 . . . 2 Power 1 | . . . . . . . . 1 . . . . Propulsion 4 | . . 1 . . . 2 . 1 . . . . Utility 4 | . . . 2 . . . . . . . . 2 Weapon 1 | . . 1 . . . . . . . . . . Parts Attached 93 | . 19 14 30 12 8 . 3 4 . . 3 . Power 13 | . 3 3 4 1 2 . . . . . . . Engine 9 | . 2 2 3 1 1 . . . . . . . Core 4 | . 1 1 1 . 1 . . . . . . . Reactor . | . . . . . . . . . . . . . Propulsion 33 | . 9 4 7 5 2 . . 3 . . 3 . Treads 12 | . 4 1 7 . . . . . . . . . Leg 7 | . 5 2 . . . . . . . . . . Wheel . | . . . . . . . . . . . . . Hover 6 | . . . . 3 . . . . . . 3 . Flight 8 | . . 1 . 2 2 . . 3 . . . . Utility 17 | . 3 1 7 2 2 . 1 1 . . . . Device 6 | . . . 4 1 1 . . . . . . . Storage 3 | . 1 1 1 . . . . . . . . . Processor 6 | . 2 . 1 1 . . 1 1 . . . . Hackware 2 | . . . 1 . 1 . . . . . . . Protection . | . . . . . . . . . . . . . Artifact . | . . . . . . . . . . . . . Weapon 30 | . 4 6 12 4 2 . 2 . . . . . Energy Gun 12 | . 3 2 5 1 . . 1 . . . . . Energy Cannon . | . . . . . . . . . . . . . Ballistic Gun 9 | . . 3 5 1 . . . . . . . . Ballistic Cannon 7 | . . 1 2 1 2 . 1 . . . . . Launcher 2 | . 1 . . 1 . . . . . . . . Special Weapon . | . . . . . . . . . . . . . Impact Weapon . | . . . . . . . . . . . . . Slashing Weapon . | . . . . . . . . . . . . . Piercing Weapon . | . . . . . . . . . . . . . Special Melee Weapon . | . . . . . . . . . . . . . Unidentified Prototypes 11 | . 1 2 3 5 . . . . . . . . Parts Lost 34 | . 6 7 7 1 6 . . 4 . . 3 . Power 7 | . 2 1 2 . 1 . . 1 . . . . Propulsion 13 | . 1 2 2 1 4 . . 1 . . 2 . Utility 3 | . . . 2 . . . . 1 . . . . Weapon 11 | . 3 4 1 . 1 . . 1 . . 1 . Highest Loss Streak 4 | . 3 3 2 1 3 . . 4 . . 3 . To Critical Strikes 3 | . . . . 1 2 . . . . . . . Average Backups 10 | 6 7 9 13 13 7 8 5 4 4 4 4 3 Power . | 1 1 1 1 . . . . . . . . . Propulsion 2 | 4 2 3 3 3 1 . . . . . . . Utility 3 | . 1 4 4 3 2 3 1 1 1 1 . . Weapon 3 | 1 1 1 5 6 3 5 3 3 3 3 3 3 Tool/Special . | . . . . . . . . . . . . . Unused Backups 16 | . 3 3 4 4 . . 1 . . . 1 . Power 3 | . 1 1 1 . . . . . . . . . Propulsion 3 | . 1 . . 2 . . . . . . . . Utility 8 | . 1 2 3 1 . . . . . . 1 . Weapon 2 | . . . . 1 . . 1 . . . . . Tool/Special . | . . . . . . . . . . . . . Average Slot Usage (%) 87 | . 96 91 86 92 83 61 56 48 60 60 50 41 Engine 7 | . 13 9 6 9 4 . . . . . . . Core 2 | . . 1 2 . 4 7 7 2 . . . . Treads 14 | . 9 17 26 21 . . . . . . . . Leg 6 | . 16 15 . . . . . . . . . . Hover 2 | . . . . 3 14 . . . . . 1 17 Flight 2 | . . . . . 10 15 15 17 26 26 16 . Device 4 | . . . 5 9 8 . 6 6 6 6 6 5 Storage 9 | . 14 11 9 9 9 7 . . . . . . Processor 12 | . 13 11 9 15 18 15 14 14 20 20 20 17 Energy Gun 9 | . 23 14 5 2 . . . 2 . . . . Ballistic Gun 9 | . 4 9 16 13 3 . . 1 6 6 4 . Ballistic Cannon 4 | . . 1 4 7 11 7 . . . . . . Peak Build Rating 41 | 6 13 19 35 41 37 23 27 32 32 32 33 33 Average Rating 23 | 6 10 16 27 35 30 23 22 24 32 32 26 33 On Entrance 24 | 6 6 13 19 34 33 23 23 26 32 32 32 33 Avg Prop Armor Cover (%) 10 | . . 13 . 2 . . . 19 10 . 8 . Naked Turns . | . . . . . . . . . . . . . Heaviest Build 51 | 11 32 37 43 51 38 20 10 10 4 4 4 1 Greatest Support 66 | 20 46 66 66 62 24 10 10 23 23 11 40 40 Greatest Overweight (x) 3 | . 2 2 . 1 3 1 . 1 . . . . Average Overweight (x) . | . . . . . 1 1 . . . . . . Largest Inventory Capacity 15 | 8 15 15 15 15 10 10 10 5 5 5 5 5 Average Capacity 12 | 8 14 10 15 14 10 10 5 5 5 5 5 5 Most Carried 15 | 6 10 13 15 15 9 8 9 5 4 4 5 3 Average Carried 10 | 6 7 9 14 13 7 8 4 4 4 4 3 3 Final Capacity 15 | 8 15 15 15 10 10 10 5 5 5 5 5 5 Final Carried 14 | 6 10 13 14 10 8 8 5 4 4 4 3 3 Class Distribution -------------------- 47% | Mutant 37% | Gunner 12% | Scavenger-Gunner 3% | Sprinter Dominant Class ---------------- Mutant | -10/Materials Mutant | -9/Materials Gunner | -8/Materials Gunner | -8/Storage Mutant | -8/Garrison Mutant | -7/Factory Sprinter | -7/DSF Sprinter | -6/Factory Mutant | -6/Waste Mutant | -6/Factory Mutant | -6/DSF Mutant | -5/Factory Resources | -11 -10 -9 -8 -8 -8 -7 -7 -6 -6 -6 -6 -5 ----------- Run | Yrd Mat Mat Mat Sto Gar Fac DSF Fac Was Fac DSF Fac Matter Collected 4235 | 200 377 341 1474 866 734 . 178 . . . 65 . Remotely . | . . . . . . . . . . . . . Salvage Created 6013 | . 760 1301 2171 974 598 . 187 . . . 22 . Parts 308 | . 45 75 102 51 27 . 8 . . . . . Haulers Intercepted 11 | . 1 2 4 4 . . . . . . . . Recyclers Shooed 5 | . . 1 3 1 . . . . . . . . Parts Field Recycled . | . . . . . . . . . . . . . Retrieved Matter . | . . . . . . . . . . . . . Parts Self-Destructed . | . . . . . . . . . . . . . Prevented . | . . . . . . . . . . . . . Parts Restored . | . . . . . . . . . . . . . Kills | -11 -10 -9 -8 -8 -8 -7 -7 -6 -6 -6 -6 -5 ------- Run | Yrd Mat Mat Mat Sto Gar Fac DSF Fac Was Fac DSF Fac Combat Hostiles Destroyed 105 | . 12 21 35 14 19 . 4 . . . . . Guns 68 | . 11 20 25 10 2 . . . . . . . Cannons 30 | . . . 9 4 16 . 1 . . . . . AOE 5 | . . . 1 . 1 . 3 . . . . . Classes Destroyed 14 | . 6 3 2 1 1 . 1 . . . . . Worker 6 | . 2 2 2 . . . . . . . . . Builder 6 | . 1 . 1 4 . . . . . . . . Hauler 11 | . 1 2 4 4 . . . . . . . . Recycler 6 | . . 1 2 3 . . . . . . . . Operator 4 | . 1 3 . . . . . . . . . . Watcher 7 | . 2 2 2 1 . . . . . . . . Swarmer 6 | . . 3 . 3 . . . . . . . . Cutter 2 | . . . . . 2 . . . . . . . Grunt 63 | . 12 11 23 8 6 . 3 . . . . . Brawler 1 | . . . 1 . . . . . . . . . Duelist 1 | . . . 1 . . . . . . . . . Sentry 27 | . . 7 10 2 8 . . . . . . . Hunter 4 | . . . . 1 3 . . . . . . . Heavy 1 | . . . . . . . 1 . . . . . Savage 1 | . . . . . 1 . . . . . . . Best Kill Streak 8 | . 2 5 4 5 8 . 3 . . . . . Combat Bots Only 8 | . 2 4 4 3 8 . 3 . . . . . Max Kills in Single Turn 2 | . 1 1 2 2 1 . 2 . . . . . Gunslinging 1 | . . . 1 1 . . . . . . . . Exploded 2 | . . . 1 . 1 . 2 . . . . . Melee . | . . . . . . . . . . . . . Uniques/NPCs Destroyed . | . . . . . . . . . . . . . Combat | -11 -10 -9 -8 -8 -8 -7 -7 -6 -6 -6 -6 -5 -------- Run | Yrd Mat Mat Mat Sto Gar Fac DSF Fac Was Fac DSF Fac Hostile Shots Fired 545 | . 105 112 163 39 90 . 7 12 . . 17 . Missed 152 | . 28 24 42 9 27 . 4 6 . . 12 . Hits 393 | . 77 88 121 30 63 . 3 6 . . 5 . Melee 5 | . . . 2 . 1 . . . . . 2 . Projectile 388 | . 77 88 119 30 62 . 3 6 . . 3 . AOE 5 | . . . . . 2 . . 2 . . 1 . Critical Strikes 18 | . . 4 5 2 6 . . . . . 1 . Damage Taken 6349 | . 1006 1153 2137 403 1042 . 106 199 . . 303 . Core 1062 | . 163 137 268 67 156 . 27 90 . . 154 . Absorbed by Shields . | . . . . . . . . . . . . . Core Remaining (%) 62 | 100 34 65 . . 10 . 96 . . . 71 . Volleys Fired 428 | . 77 87 145 49 59 . 11 . . . . . Largest 3 | . 2 3 3 3 3 . 1 . . . . . Hottest 189 | . 115 113 189 105 111 . 50 . . . . . Shots Fired 907 | . 145 147 374 116 114 . 11 . . . . . Gun 677 | . 145 146 298 77 11 . . . . . . . Cannon 222 | . . 1 75 37 102 . 7 . . . . . Launcher 8 | . . . 1 2 1 . 4 . . . . . Special . | . . . . . . . . . . . . . Kinetic 600 | . 41 29 298 112 113 . 7 . . . . . Thermal 268 | . 83 111 72 2 . . . . . . . . Explosive 8 | . . . 1 2 1 . 4 . . . . . Electromagnetic 31 | . 21 7 3 . . . . . . . . . Robot Hit Streak 25 | . 16 25 22 9 16 . 5 . . . . . Robot Miss Streak 6 | . 3 2 5 4 6 . 4 . . . . . Penetration Max . | . . . . . . . . . . . . . Secondary Targets 10 | . 3 1 5 1 . . . . . . . . Max Gunslinging Chain 1 | . 1 1 1 1 . . . . . . . . Shots Hit Robots 613 | . 97 114 245 78 69 . 10 . . . . . Core Hits 344 | . 38 50 97 62 69 . 28 . . . . . Critical Kills 1 | . . 1 . . . . . . . . . . Critical Parts Destroyed 1 | . 1 . . . . . . . . . . . Critical Strikes 21 | . 4 14 1 . 1 . 1 . . . . . Burn 16 | . 2 13 1 . . . . . . . . . Destroy 2 | . 1 1 . . . . . . . . . . Blast 2 | . . . . . 1 . 1 . . . . . Corrupt 1 | . 1 . . . . . . . . . . . Melee Attacks . | . . . . . . . . . . . . . Impact . | . . . . . . . . . . . . . Slashing . | . . . . . . . . . . . . . Piercing . | . . . . . . . . . . . . . Sneak Attacks . | . . . . . . . . . . . . . Combat Hostiles . | . . . . . . . . . . . . . Follow-up Attacks . | . . . . . . . . . . . . . Damage Inflicted 11105 | . 1222 1462 4604 1437 1511 . 827 . . . 42 . Guns 6990 | . 1218 1437 3372 852 111 . . . . . . . Cannons 3128 | . . . 1059 585 1353 . 131 . . . . . Explosions 941 | . . 25 173 . 47 . 696 . . . . . Melee . | . . . . . . . . . . . . . Ramming 46 | . 4 . . . . . . . . . 42 . Kinetic 7150 | . 351 311 3495 1398 1464 . 131 . . . . . Thermal 2770 | . 711 1082 938 39 . . . . . . . . Explosive 843 | . . . 100 . 47 . 696 . . . . . Electromagnetic 296 | . 156 69 71 . . . . . . . . . Impact . | . . . . . . . . . . . . . Slashing . | . . . . . . . . . . . . . Piercing . | . . . . . . . . . . . . . Highest Corruption 5 | . 1 . 5 5 5 . . 2 2 2 5 . Average Corruption 4 | . 1 . 5 5 5 . . 1 2 2 4 . Corruption Purged . | . . . . . . . . . . . . . Corruption Blocked . | . . . . . . . . . . . . . Effects 72 | . 7 . 17 15 32 . . . . . 1 . Message Errors 23 | . 4 . 3 4 12 . . . . . . . Matter Fused 15 | . 1 . 3 4 6 . . . . . 1 . Heat Flow Errors 5 | . . . 1 1 3 . . . . . . . Energy Discharges 11 | . . . 2 1 8 . . . . . . . Parts Rejected 1 | . . . 1 . . . . . . . . . Parts Fused 1 | . . . . 1 . . . . . . . . Data Loss (minor) 4 | . . . 1 3 . . . . . . . . Data Loss (major) 3 | . 1 . 1 . 1 . . . . . . . Misfires 2 | . 1 . . . 1 . . . . . . . Alerts 2 | . . . 1 . 1 . . . . . . . Weapon Failures 5 | . . . 4 1 . . . . . . . . Overload Shots . | . . . . . . . . . . . . . Overflow Damage 39 | . . . 3 2 34 . . . . . . . Projectiles 35 | . . . 3 2 30 . . . . . . . Explosions 4 | . . . . . 4 . . . . . . . Melee . | . . . . . . . . . . . . . Knockbacks 46 | . . . 13 14 19 . . . . . . . Impact . | . . . . . . . . . . . . . Kinetic 45 | . . . 13 13 19 . . . . . . . Secondary 1 | . . . . 1 . . . . . . . . Self-Inflicted Damage 147 | . . . . . 43 . 62 . . . 42 . Shots 6 | . . . . . 2 . 4 . . . . . Rammed 3 | . 2 . . . . . . 1 . . . . Targets Rammed 4 | . 3 . . . . . . 1 . . . . Kicked 1 | . 1 . . . . . . . . . . . Crushed . | . . . . . . . . . . . . . Highest Temperature 308 | . 189 171 308 252 219 . . . . . . . Average Temperature 59 | . 44 53 76 55 42 . . . . . . . Received Heat Transfer 2613 | . 537 492 990 162 360 . 27 45 . . . . Siege Activations . | . . . . . . . . . . . . . Martial Activations . | . . . . . . . . . . . . . Shielding Activations . | . . . . . . . . . . . . . Robots Disrupted . | . . . . . . . . . . . . . Combat Hostiles . | . . . . . . . . . . . . . Robots Corrupted . | . . . . . . . . . . . . . Combat Hostiles . | . . . . . . . . . . . . . Parts Fried 1 | . 1 . . . . . . . . . . . Impact Corruptions . | . . . . . . . . . . . . . Robots Melted 2 | . 1 1 . . . . . . . . . . Combat Hostiles 2 | . 1 1 . . . . . . . . . . Parts Melted 26 | . 4 18 4 . . . . . . . . . Heat Transferred 8096 | . 1935 4026 2061 74 . . . . . . . . Parts Sabotaged . | . . . . . . . . . . . . . Parts Stolen . | . . . . . . . . . . . . . Parts Stripped . | . . . . . . . . . . . . . Power Chain Reactions 1 | . . . 1 . . . . . . . . . Alert | -11 -10 -9 -8 -8 -8 -7 -7 -6 -6 -6 -6 -5 ------- Run | Yrd Mat Mat Mat Sto Gar Fac DSF Fac Was Fac DSF Fac Maximum Alert Level 4 | . . 1 2 1 4 2 2 1 . . . . Low Security (%) 48 | 100 100 56 58 . . . . . 100 100 100 100 Level 1 32 | . . 43 34 100 19 . . 100 . . . . Level 2 8 | . . . 7 . 21 100 100 . . . . . Level 3 9 | . . . . . 51 . . . . . . . Level 4 1 | . . . . . 6 . . . . . . . Level 5 . | . . . . . . . . . . . . . High Security . | . . . . . . . . . . . . . Max Security . | . . . . . . . . . . . . . Peak Influence 1135 | . 80 302 519 389 1135 595 569 298 78 47 47 8 Initial 595 | . . 12 76 218 247 595 420 298 78 47 32 8 Average 270 | . 19 161 203 308 720 595 509 252 76 47 29 8 Influence Increases 3866 | . 392 733 1130 459 968 5 149 15 . . 15 . Destroy 0b10 Robot/C 2160 | . 240 420 700 280 440 . 80 . . . . . Destroy 0b10 Robot/NC 220 | . 35 50 55 60 . . 20 . . . . . Destroy Leader 466 | . 56 118 192 70 20 . 10 . . . . . Allied During Kill 7 | . . . . . 7 . . . . . . . Successful Hack 148 | . 16 38 39 22 28 5 . . . . . . Select Force Hacks 90 | . 30 . 60 . . . . . . . . . Disable Machine 150 | . . 75 60 . . . . . . . 15 . Anti-Garrison Action 350 | . . . . . 350 . . . . . . . Destroy Structure 125 | . . 2 24 12 48 . 39 . . . . . Partial Spotted 90 | . 15 . . . 60 . . 15 . . . . Lose Combat Pursuer 60 | . . 30 . 15 15 . . . . . . . Influence Decreases 3858 | . 362 581 794 596 214 540 180 361 155 21 45 9 Entered New Map 1739 | . . 18 106 300 134 540 180 271 145 21 15 9 Time Decay 1776 | . 319 493 618 286 . . . 50 10 . . . Lost Part 323 | . 43 70 70 10 60 . . 40 . . 30 . Lost Ally 20 | . . . . . 20 . . . . . . . Squads Dispatched 19 | . 2 2 8 2 . . 1 3 . . 1 . Investigation 8 | . 1 1 4 . . . . 2 . . . . Extermination . | . . . . . . . . . . . . . Reinforcement 8 | . 1 1 1 2 . . 1 1 . . 1 . Assault 1 | . . . 1 . . . . . . . . . Garrison 2 | . . . 2 . . . . . . . . . Intercept . | . . . . . . . . . . . . . Searches Triggered . | . . . . . . . . . . . . . Construction Impeded . | . . . . . . . . . . . . . Haulers Reinforced . | . . . . . . . . . . . . . Active Scanning Responses . | . . . . . . . . . . . . . Cargo Convoy Interrupts . | . . . . . . . . . . . . . Stealth | -11 -10 -9 -8 -8 -8 -7 -7 -6 -6 -6 -6 -5 --------- Run | Yrd Mat Mat Mat Sto Gar Fac DSF Fac Was Fac DSF Fac Distress Signals 11 | . 1 2 4 4 . . . . . . . . Communications Jammed . | . . . . . . . . . . . . . Distress Signals . | . . . . . . . . . . . . . Times Spotted 168 | . 22 31 54 22 20 . 4 8 4 . 3 . Peak Tracking Total 5 | . 4 5 4 4 5 . 3 3 4 . 3 . Tactical Retreats 4 | . . 2 . 1 1 . . . . . . . Traps | -11 -10 -9 -8 -8 -8 -7 -7 -6 -6 -6 -6 -5 ------- Run | Yrd Mat Mat Mat Sto Gar Fac DSF Fac Was Fac DSF Fac Traps Triggered 13 | . 1 . 1 . 7 . 3 1 . . . . Indirectly . | . . . . . . . . . . . . . Trap Hack Attempts . | . . . . . . . . . . . . . Triggered . | . . . . . . . . . . . . . Disarmed . | . . . . . . . . . . . . . Reprogrammed . | . . . . . . . . . . . . . Reused . | . . . . . . . . . . . . . Traps Extracted . | . . . . . . . . . . . . . Installed . | . . . . . . . . . . . . . Triggered . | . . . . . . . . . . . . . Machines | -11 -10 -9 -8 -8 -8 -7 -7 -6 -6 -6 -6 -5 ---------- Run | Yrd Mat Mat Mat Sto Gar Fac DSF Fac Was Fac DSF Fac Machines Disabled 14 | . . 5 4 . 4 . . . . . 1 . Max in Single Turn 4 | . . 4 1 . 1 . . . . . 1 . Garrison Relay 4 | . . . . . 4 . . . . . . . Machines Repaired . | . . . . . . . . . . . . . Machines Dismantled . | . . . . . . . . . . . . . Machines Sabotaged . | . . . . . . . . . . . . . Overloaded Fab Kills . | . . . . . . . . . . . . . Hacking | -11 -10 -9 -8 -8 -8 -7 -7 -6 -6 -6 -6 -5 --------- Run | Yrd Mat Mat Mat Sto Gar Fac DSF Fac Was Fac DSF Fac Machines Accessed 38 | . 6 9 10 4 2 1 . 5 . 1 . . Terminals 28 | . 5 7 6 3 2 1 . 3 . 1 . . Fabricators . | . . . . . . . . . . . . . Repair Stations 1 | . . . . . . . . 1 . . . . Recycling Units 3 | . 1 1 1 . . . . . . . . . Scanalyzers 4 | . . 1 2 . . . . 1 . . . . Garrison Access 2 | . . . 1 1 . . . . . . . . Total Hacks 86 | . 11 25 26 7 4 1 . 10 . 2 . . Successful 52 | . 6 17 17 5 2 1 . 3 . 1 . . Failed 33 | . 5 8 8 2 2 . . 7 . 1 . . Catastrophic 4 | . . 1 . . 2 . . 1 . . . . Database Lockouts 1 | . . . 1 . . . . . . . . . Manual 50 | . 11 19 14 4 . . . 2 . . . . Terminals 63 | . 10 20 13 6 4 1 . 7 . 2 . . Fabricators . | . . . . . . . . . . . . . Repair Stations 2 | . . . . . . . . 2 . . . . Recycling Units 5 | . 1 3 1 . . . . . . . . . Scanalyzers 12 | . . 2 9 . . . . 1 . . . . Garrison Access 4 | . . . 3 1 . . . . . . . . Terminal Hacks 11 | . . 1 1 2 2 1 . 3 . 1 . . Record 1 | . . . . . . . . 1 . . . . Prototype ID Bank 1 | . . . 1 . . . . . . . . . Open Door 2 | . . . . 2 . . . . . . . . Open DSF 3 | . . . . . . 1 . 1 . 1 . . Emergency Access Points 1 | . . . . . 1 . . . . . . . Hauler Manifests 1 | . . 1 . . . . . . . . . . Zone Layout 1 | . . . . . . . . 1 . . . . Garrison Registry 1 | . . . . . 1 . . . . . . . Fabricator Hacks . | . . . . . . . . . . . . . Repair Station Hacks . | . . . . . . . . . . . . . Recycling Unit Hacks 1 | . . 1 . . . . . . . . . . Retrieve Components 1 | . . 1 . . . . . . . . . . Scanalyzer 8 | . . 2 6 . . . . . . . . . Insert Component 2 | . . . 2 . . . . . . . . . Analyze 3 | . . . 3 . . . . . . . . . Retrieve Study 3 | . . 2 1 . . . . . . . . . Garrison Access Hacks 1 | . . . . 1 . . . . . . . . Unlock Access 1 | . . . . 1 . . . . . . . . Unauthorized Hacks 31 | . 6 13 10 2 . . . . . . . . Terminals 28 | . 5 13 8 2 . . . . . . . . Assimilate 1 | . . 1 . . . . . . . . . . Botnet 7 | . . 4 2 1 . . . . . . . . Operators 1 | . . 1 . . . . . . . . . . Skim 19 | . 5 7 6 1 . . . . . . . . Fabricators . | . . . . . . . . . . . . . Repair Stations . | . . . . . . . . . . . . . Recycling Units 2 | . 1 . 1 . . . . . . . . . Tunnel 2 | . 1 . 1 . . . . . . . . . Scanalyzers 1 | . . . 1 . . . . . . . . . Extract 1 | . . . 1 . . . . . . . . . Garrison Access . | . . . . . . . . . . . . . Data Cores Recovered . | . . . . . . . . . . . . . Used . | . . . . . . . . . . . . . Hacking Detections 30 | . 4 9 8 1 1 1 . 5 . 1 . . Full Trace Events 6 | . . 1 2 . 1 . . 2 . . . . Feedback Events 1 | . . . . . . . . 1 . . . . Corruption 1 | . . . . . . . . 1 . . . . Feedback Blocked . | . . . . . . . . . . . . . Robot Schematics Acquired . | . . . . . . . . . . . . . Robots Built . | . . . . . . . . . . . . . Authchips . | . . . . . . . . . . . . . Time . | . . . . . . . . . . . . . Total Robot Build Rating . | . . . . . . . . . . . . . Part Schematics Acquired 4 | . . . 4 . . . . . . . . . Parts Built . | . . . . . . . . . . . . . Authchips . | . . . . . . . . . . . . . Time . | . . . . . . . . . . . . . Total Part Build Rating . | . . . . . . . . . . . . . Part Studies Acquired 3 | . . 2 1 . . . . . . . . . Parts Repaired . | . . . . . . . . . . . . . Time . | . . . . . . . . . . . . . Parts Recycled . | . . . . . . . . . . . . . Recycled Matter . | . . . . . . . . . . . . . Retrieved Matter . | . . . . . . . . . . . . . Retrieved Components 10 | . . 10 . . . . . . . . . . Parts Scanalyzed 2 | . . . 2 . . . . . . . . . Part Schematics Acquired 2 | . . . 2 . . . . . . . . . Parts Damaged 1 | . . . 1 . . . . . . . . . Bothacking | -11 -10 -9 -8 -8 -8 -7 -7 -6 -6 -6 -6 -5 ------------ Run | Yrd Mat Mat Mat Sto Gar Fac DSF Fac Was Fac DSF Fac Used RIF Installer 2 | . . . . . 2 . . . . . . . Watcher Feeds 1 | . . . . . 1 . . . . . . . Robots Hacked . | . . . . . . . . . . . . . Non-combat . | . . . . . . . . . . . . . Combat . | . . . . . . . . . . . . . Robot Hacks Applied . | . . . . . . . . . . . . . Relay Couplers Released 19 | . . . . . 19 . . . . . . . Machine Destruction 19 | . . . . . 19 . . . . . . . Attached 1 | . . . . . 1 . . . . . . . Fabnet Peak Effective % . | . . . . . . . . . . . . . Robots Rewired . | . . . . . . . . . . . . . Allies Hacked . | . . . . . . . . . . . . . Hacks Repelled . | . . . . . . . . . . . . . Allies | -11 -10 -9 -8 -8 -8 -7 -7 -6 -6 -6 -6 -5 -------- Run | Yrd Mat Mat Mat Sto Gar Fac DSF Fac Was Fac DSF Fac Total Allies 2 | . . . . . 2 . . . . . . . Largest Group 2 | . . . . . 2 . . . . . . . Highest-Rated Group 59 | . . . . . 59 . . . . . . . Highest-Rated Ally 39 | . . . . . 39 . . . . . . . Total Orders . | . . . . . . . . . . . . . Ally Attacks 6 | . . . . . 6 . . . . . . . Total Damage 244 | . . . . . 244 . . . . . . . Kills 3 | . . . . . 3 . . . . . . . Allies Corrupted . | . . . . . . . . . . . . . Allies Melted . | . . . . . . . . . . . . . Intel | -11 -10 -9 -8 -8 -8 -7 -7 -6 -6 -6 -6 -5 ------- Run | Yrd Mat Mat Mat Sto Gar Fac DSF Fac Was Fac DSF Fac Active Infowar (turns) 627 | . . . 54 573 . . . . . . . . Sensors 627 | . . . 54 573 . . . . . . . . Robot Analysis Total . | . . . . . . . . . . . . . Derelict Logs Recovered . | . . . . . . . . . . . . . Drone Launches . | . . . . . . . . . . . . . Drone Recoveries . | . . . . . . . . . . . . . Exploration | -11 -10 -9 -8 -8 -8 -7 -7 -6 -6 -6 -6 -5 ------------- Run | Yrd Mat Mat Mat Sto Gar Fac DSF Fac Was Fac DSF Fac Turns Passed 7296 | 3 1336 1560 2076 622 1356 3 133 113 22 1 61 10 Spaces Moved 4102 | 3 494 664 972 324 988 3 189 278 71 3 95 18 Core 19 | . . . . . . . . 9 . . 10 . Treads 1693 | . 202 268 972 251 . . . . . . . . Legs 691 | 3 292 396 . . . . . . . . . . Wheels . | . . . . . . . . . . . . . Hover 600 | . . . . 73 495 . . . . . 14 18 Flight 1099 | . . . . . 493 3 189 269 71 3 71 . Fastest Speed 29 | 120 120 120 155 42 42 107 32 29 29 34 34 52 Average Speed 122 | 120 174 140 158 137 102 107 32 35 30 34 38 52 Slowest Speed 260 | 120 260 260 161 170 257 107 32 100 34 34 56 52 Overloaded Moves . | . . . . . . . . . . . . . Propulsion Burnouts . | . . . . . . . . . . . . . Robots Hopped 3 | . . . . . . . . 2 . . 1 . Potential Cave-ins 8 | . . . 6 . . . . 2 . . . . Cave-ins Triggered 1 | . . . 1 . . . . . . . . . Exploration Rate (%) 50 | 2 69 53 67 47 80 . 93 8 67 . 71 1 Regions Visited 12 Branch Regions 1 Pre-discovered Areas 8 | . 3 1 4 . . . . . . . . . Known Exits Taken 4 | . . . 1 1 . 1 . . . 1 . . Unknown Exits Taken 3 | 1 1 1 . . . . . . . . . . Scrap Searched . | . . . . . . . . . . . . . Spaces Dug 7 | . . . 7 . . . . . . . . . Terrain Destroyed 134 | . . 1 27 14 37 . 55 . . . . . Melee . | . . . . . . . . . . . . . Projectile 15 | . . 1 13 . . . 1 . . . . . AOE 119 | . . . 14 14 37 . 54 . . . . . Terrain Rammed 3 | . . . . . . . . . . . 3 . Walls Destroyed . | . . . . . . . . . . . . . Machines Disabled 1 | . . . . . . . . . . . 1 . Actions | -11 -10 -9 -8 -8 -8 -7 -7 -6 -6 -6 -6 -5 --------- Run | Yrd Mat Mat Mat Sto Gar Fac DSF Fac Was Fac DSF Fac Total 5692 | 2 825 1148 1291 440 1241 2 247 288 70 2 118 18 Wait 750 | . 193 358 83 22 75 . . 5 . . 14 . Move 4084 | 2 493 663 970 324 986 2 188 274 70 2 92 18 Hop 3 | . . . . . . . . 2 . . 1 . Pick Up 85 | . 24 14 26 10 6 . 1 1 . . 3 . Fast Attach 22 | . . 6 7 4 . . 2 3 . . . . Attach 49 | . 11 5 8 1 15 . 4 2 . . 3 . Detach 15 | . 2 . . 1 7 . 5 . . . . . Swap 55 | . 9 7 21 11 6 . 1 . . . . . Drop 79 | . 13 8 30 18 3 . 5 . . . 2 . Fire 428 | . 77 87 145 49 59 . 11 . . . . . Melee . | . . . . . . . . . . . . . Ram 4 | . . . . . . . . 1 . . 3 . Kick 1 | . 1 . . . . . . . . . . . Crush 2 | . 2 . . . . . . . . . . . Escape Stasis 115 | . . . 1 . 84 . 30 . . . . . Rewire . | . . . . . . . . . . . . . Trap . | . . . . . . . . . . . . . Miscellaneous . | . . . . . . . . . . . . . Route ------- -11/Scrapyard -10/Materials (discovered 5 exits: *Mat x3 / *Min x2) -9/Materials (discovered 2 exits: *Mat / [*Min]) -8/Materials (discovered 5 exits: *Fac x3 / *Sto x2) -8/Storage (discovered 3 exits: *Fac / Rec / Gar) -8/Garrison (discovered 3 exits: *Fac x3) -7/Factory -7/DSF -6/Factory -6/Waste -6/Factory -6/DSF -5/Factory History --------- Turn | Location | Event 1 | -11/Scrapyard | Discovered new exit (range 1) 4 | -11/Scrapyard | Entered Materials 333 | -10/Materials | Build established: Mutant 453 | -10/Materials | Lost 3 parts (1n2w) 511 | -10/Materials | Discovered new exit (range 12) 522 | -10/Materials | Core integrity fell below 50% 642 | -10/Materials | Discovered new exit (range 13) 739 | -10/Materials | Discovered new exit (range 15) 913 | -10/Materials | Discovered new exit (range 15) 1011 | -10/Materials | Loaded intel: 15 trap records 1072 | -10/Materials | Learned Storage trap positions 1121 | -10/Materials | Identified exit to Mines 1187 | -10/Materials | Learned location of Subcaves (-10) 1272 | -10/Materials | Learned Storage garrison access intel 1340 | -10/Materials | Entered another Materials area 1340 | -9/Materials | Evolved 2 slots: Propulsion x1, Weapon x1 2019 | -9/Materials | Discovered new exit (range 6) 2083 | -9/Materials | Lost 3 parts (2n1w) 2652 | -9/Materials | Build established: Scavenger-Gunner 2677 | -9/Materials | Loaded intel: 2 repair station locations 2708 | -9/Materials | Learned 2 Storage zone layouts 2729 | -9/Materials | Learned Storage emergency access door positions 2740 | -9/Materials | Learned location of 1 exit from Storage 2741 | -9/Materials | Loaded intel: 12 terminal locations 2742 | -9/Materials | Learned Materials terminal intel 2868 | -9/Materials | Discovered new exit (range 9) 2900 | -9/Materials | Entered another Materials area 2900 | -8/Materials | Evolved 2 slots: Utility x2 2901 | -8/Materials | Identified exit to Storage 2902 | -8/Materials | Loaded intel: 12 terminal locations 3028 | -8/Materials | Build established: Gunner 3154 | -8/Materials | Garrison activated, responded to threat 3299 | -8/Materials | Discovered new exit (range 15) 3385 | -8/Materials | Garrison activated, responded to threat 3487 | -8/Materials | Central database locked down 4139 | -8/Materials | Identified exit to Factory 4210 | -8/Materials | Learned location of Zion (-7) 4229 | -8/Materials | Learned Factory scanalyzer intel 4260 | -8/Materials | Learned Storage security intel 4276 | -8/Materials | Crushed by falling debris 4291 | -8/Materials | Learned location of Lower Caves (-7) 4900 | -8/Materials | First assault squad dispatched 4976 | -8/Materials | Entered Storage 4977 | -8/Storage | Identified exit to Recycling 4979 | -8/Storage | Loaded intel: 16 trap records 4981 | -8/Storage | Loaded intel: 1 garrison access location 5113 | -8/Storage | Core integrity fell below 50% 5163 | -8/Storage | Found Prototype Launcher 5164 | -8/Storage | Identified Scatter Rocket Array 5595 | -8/Storage | Discovered exit to Factory (range 16) 5598 | -8/Storage | Identified exit to Garrison 5598 | -8/Storage | Entered Garrison 5626 | -8/Garrison | Triggered checkpoint 5667 | -8/Garrison | Garrison Relay disabled 5826 | -8/Garrison | Triggered checkpoint 5964 | -8/Garrison | Core integrity fell below 20% 5989 | -8/Garrison | Destroyed 8 combat bots 6054 | -8/Garrison | Discovered exit to Factory (range 15) 6108 | -8/Garrison | Triggered checkpoint 6131 | -8/Garrison | Installed Relay Interface Framework 6165 | -8/Garrison | Garrison Relay disabled 6260 | -8/Garrison | Triggered checkpoint 6296 | -8/Garrison | Triggered checkpoint 6340 | -8/Garrison | Lost 3 parts (3n) 6366 | -8/Garrison | Discovered exit to Factory (range 52) 6366 | -8/Garrison | Discovered exit to Factory (range 11) 6366 | -8/Garrison | Discovered exit to Factory (range 54) 6374 | -8/Garrison | Build established: Mutant 6453 | -8/Garrison | Expanded RIF knowledge: Watcher Feeds 6630 | -8/Garrison | Rescued a captive Derelict 6632 | -8/Garrison | Rescued a captive Derelict 6718 | -8/Garrison | Garrison Relay disabled 6862 | -8/Garrison | Garrison Relay disabled 6954 | -8/Garrison | Entered Factory 6954 | -7/Factory | Evolved 2 slots: Propulsion x2 6955 | -7/Factory | Loaded intel: 4 scanalyzer locations 6957 | -7/Factory | Identified exit to DSF 6957 | -7/Factory | Entered DSF 6982 | -7/DSF | Additional patrols routed to DSF 7007 | -7/DSF | Discovered new exit (range 15) 7090 | -7/DSF | Entered Factory 7090 | -6/Factory | Evolved 2 slots: Power x1, Propulsion x1 7119 | -6/Factory | Spotted B-75 Beast 7171 | -6/Factory | Lost 4 parts (1p1n1u1w) 7203 | -6/Factory | Sucked down chute 7203 | -6/Factory | Entered Waste 7209 | -6/Waste | Spotted C-40 Crusher 7210 | -6/Waste | Spotted C-40 Crusher 7215 | -6/Waste | Spotted C-40 Crusher 7219 | -6/Waste | Discovered new exit (range 16) 7219 | -6/Waste | Spotted C-40 Crusher 7220 | -6/Waste | Spotted C-40 Crusher 7225 | -6/Waste | Entered Factory 7226 | -6/Factory | Identified exit to DSF 7226 | -6/Factory | Entered DSF 7240 | -6/DSF | Additional patrols routed to DSF 7272 | -6/DSF | Discovered new exit (range 16) 7287 | -6/DSF | Entered Factory 7287 | -5/Factory | Evolved 2 slots: Utility x2 7297 | -5/Factory | Self-destructed Last Messages --------------- 07261_ Knocked back. 07264_ Acquired Antigrav System. 07266_ Dropped Hcp. Matter Pod. 07266_ Cesium-ion Thruster severed. 07268_ Acquired 8 matter. 07269_ Xenon Bombardment Thruster destroyed. 07269_ Knocked back. 07271_ Dropped Broken Xenon Bombardment Thruster. 07272_ EXIT=FOUND 07275_ Acquired Gravmag System. 07281_ Acquired Gravmag Array. 07285_ X-67 Chaingunner knocked back. 07285_ C-17 Slicer destroyed. 07285_ Acquired 20 matter. 07286_ Acquired 15 matter. PARAMETERS=UTILITY+2 LOCATION=UNKNOWN GOAL=ESCAPE 07297_ Connecting with Terminal... 07297_ Current location identified: Factory Map ----- +----------------------------------------------------+ | ??????????????????????????????????? | | ??????????????????????????????????? | | ??????????????????????????????????? | | ??????????????????????????????????? | | ??????????????????????????????????? | | ??????????????????????????????????? | | ??????????????????????????????????? | | ??????????????????????????????????? | | ??????????????????????????????????? | | ??????????????????????????????????? | | ?????? ???????????????????????????? | | ????##/########???????????????????? | | ???? ???????????????????? | | ????? #??????????????????? | | ?????? #??????????????????? | | ??????? #########???##?????? | | ???????? # ??? #?????? | | ?????????# # """"""" #?????? | | ?????????# # """"""" #?????? | | ?????????# # """"""" #?????? | | ?????????# # """"""" #?????? | | ?????????# # #?????? | | ?????????+ + ! #?????? | | ?????????# # #?????? | | ?????????# # ""#?????? | | ?????????# # @T"#?????? | | ?????????# # !! ""#?????? | | ?????????# # !! #?????? | | ?????????# ##############?????? | | ?????????# #??????????????????? | | ?????????# #??????????????????? | | ?????????# #??????????????????? | | ?????????# #??????????????????? | | ?????????#######??????????????????? | | ??????????????????????????????????? | | ??????????????????????????????????? | | ??????????????????????????????????? | | ??????????????????????????????????? | | ??????????????????????????????????? | | ??????????????????????????????????? | | ??????????????????????????????????? | | ??????????????????????????????????? | | ??????????????????????????????????? | | ??????????????????????????????????? | | ??????????????????????????????????? | | ??????????????????????????????????? | | ??????????????????????????????????? | | ??????????????????????????????????? | | ??????????????????????????????????? | | ??????????????????????????????????? | +----------------------------------------------------+ Best States ------------- Heat Dissipation 59 Energy Generation 16 Energy Capacity 290 Matter Stores 300 Matter Capacity 300 Sight Range 16 Robot Scan Range 15 Terrain Scan Density 10 Evasion (%) 64 Targeting Accuracy 24 Recoil Reduction 3 Salvage Targeting 1 Defensive Hacking 10 Relay Coupler Types 1 Relay Coupler Value 25 Item Schematics ----------------- Cld. Ion Engine | -8/Materials | Scanalyzed Assault Cannon | -8/Materials | Scanalyzed Beam Rifle | -8/Materials | Extracted Minigun | -8/Materials | Extracted Robot Schematics ------------------ None Fabricated ------------ Nothing Repaired ---------- Nothing Studied --------- VTOL Module | -9/Materials | Hacked Med. Laser | -9/Materials | Hacked Ion Engine | -8/Materials | Hacked Alien Tech Used ----------------- None Achievements -------------- None Challenges ------------ None Game ------ Seed GravmagSeismicAxe Manual? 0 Play Time 01:03:50 Cumulative 165.4 hours Start 2026.01.15 @ 21:17:15 End 2026.01.15 @ 23:18:27 Sessions 3 Manual Loads 0 Difficulty Rogue Special Mode None Game No. 188 Rogue 173 Adventurer 15 Explorer 0 Win Type - Total 9 Types 3/0/3/1/0/0/1/0/0/1 Lore% 55 Gallery% 70 Achievement% 53 Wizard Run 0 Options --------- Layout 0 ASCII 0 Keyboard 0 Movement Mouse Keybinds 0 Fullscreen 2 Font 36/Smallcaps Map View 76x50 Zoom Use 0% Tactical HUD 1 Map Filters NONE Filters NONE Steam 1 RUN: 164f1ff1-c398-48f2-a4a5-9063d10da143